 Dungeon Crawl Stone Soup version 0.30.0-10-gfe55d96785 (webtiles) character file.

Game seed: 15514875163553171107

60780 qw the Severer (level 15, -3/98 HPs)
             Began as a Gargoyle Cinder Acolyte on May 17, 2023.
             Was an Elder of Okawaru.
             Killed from afar by an efreet (11 damage)
             ... with a bolt of fire
             ... on level 13 of the Dungeon on May 18, 2023.
             The game lasted 00:23:00 (18670 turns).

qw the Severer (Gargoyle Cinder Acolyte)           Turns: 18670, Time: 00:23:01

Health: -3/98      AC: 45    Str: 25    XL:     15   Next: 0%
Magic:  18/18      EV: 16    Int: 15    God:    Okawaru [****..]
Gold:   1247       SH: 14    Dex:  5    Spells: 16/16 levels left

rFire   . . .        Y - +3 war axe (elec)
rCold   . . .        r - +0 kite shield
rNeg    + + .        q - +1 storm dragon scales
rPois   inf          l - +2 helmet {SInv}
rElec   +            i - +1 cloak
rCorr   .            c - +2 pair of gloves
SInv    +            h - +2 pair of boots
Will    +....        (no amulet) Stlth
                     w - ring of the Octopus King {rN+ HP+2 AC+2 EV+2 SH+2}
HPRegen 0.36/turn    s - +5 ring of evasion
MPRegen 0.16/turn

%: no passive effects
@: heroic, flying, fire susceptible
A: sickness immunity, AC +11, big wings, negative energy resistance 1,
electricity resistance, torment resistance 1, petrification resistance
a: Renounce Religion, Heroism, Finesse


You were on level 13 of the Dungeon.
You worshipped Okawaru.
Okawaru was greatly pleased with you.
You visited 3 branches of the dungeon, and saw 20 of its levels.

You collected 1447 gold pieces.
You spent 200 gold pieces at shops.


Innate Abilities, Weirdness & Mutations

You are immune to sickness and miasma.
Your stone body is resilient. (AC +11)
You are immune to poison.
Your large and strong wings let you fly.
You resist negative energy. (rN+)
You are resistant to electric shocks. (rElec)
You are resistant to unholy torment.
You are immune to petrification.


   Skills:
 - Level 12.0(17.0) Fighting
 - Level 16.0(21.0) Axes
 - Level 5.1(10.1) Throwing
 - Level 11.2(16.2) Armour
 - Level 1.0(6.0) Dodging
 + Level 12.1(17.1) Shields
 - Level 1.0 Spellcasting
 - Level 3.0 Fire Magic
 + Level 4.4 Invocations


You had 16 spell levels left.
You didn't know any spells.
Your spell library contained the following spells:

 Spells                   Type           Power      Damage    Failure   Level
 Scorch                   Fire           18%        2d6       50%         2

Inventory:

Hand Weapons
 g - a +1 hand axe of flaming
 Y - a +3 war axe of electrocution (weapon)
Missiles
 f - 5 javelins (quivered)
 o - 2 boomerangs
Armour
 c - a +2 pair of gloves (worn)
 h - a +2 pair of boots (worn)
 i - a +1 cloak (worn)
 l - a +2 helmet of see invisible (worn)
 q - +1 storm dragon scales (worn)
 r - a +0 kite shield (worn)
Jewellery
 s - a +5 ring of evasion (right hand)
 w - a ring of the Octopus King (left hand) {rN+ HP+2 AC+2 EV+2 SH+2}
   (You found it on level 3 of the Lair of Beasts)

   [ring of positive energy]

   AC:        It affects your AC (+2).
   EV:        It affects your evasion (+2).
   rN:        It protects you from negative energy.
   HP:        It affects your health (+2).
   SH:        It affects your SH (+2).
Scrolls
 e - 3 scrolls of identify
Potions
 a - a potion of haste
 b - 3 potions of curing
 d - 2 potions of cancellation
 k - 2 potions of might
 m - 2 potions of mutation

Dungeon Overview and Level Annotations

Branches:
Dungeon (14/15)            Temple (1/1) D:6            Lair (5/5) D:11
 Shoals (0/4) Lair:2       Spider (0/4) Lair:2        Slime (0/5) Lair:4
    Orc (0/2) D:11         Vaults (0/5) D:14

Altars:
Ashenzari
Cheibriados
Dithmenos
Elyvilon
Fedhas
Gozag
Hepliaklqana
Kikubaaqudgha
Makhleb
Nemelex Xobeh
Okawaru
Qazlal
Ru
Sif Muna
Trog
Uskayaw
Vehumet
Wu Jian
Xom
Yredelemnul
Zin
The Shining One
Jiyva

Shops:
D:6 =   D:8 (

Annotations:
D:4 1 runed translucent door, Crazy Yiuf
D:13 Rupert
Lair:2 2 transporters


Message History

Rupert roars madly and goes into a rage!
Rupert goes berserk!
The unseen horror hits you but does no damage.
Rupert hits you with a +1 great mace of protection!!
You can move again.
You hit the unseen horror.
The unseen horror is lightly wounded.
You hit Rupert.
The unseen horror hits you but does no damage.
You block the unseen horror's attack. Rupert barely misses you.
You slash Rupert!
Rupert is lightly wounded.
You block the unseen horror's attack. You block Rupert's attack.
You hit Rupert but do no damage. Lightning courses through Rupert!
Rupert is lightly wounded.
You slash the unseen horror! The unseen horror closely misses you.
Rupert hits you with a +1 great mace of protection!
You barely miss the unseen horror.
The unseen horror is heavily wounded.
You closely miss Rupert.
The unseen horror hits you but does no damage.
Rupert completely misses you.
You hit Rupert. Lightning courses through Rupert!!
Rupert is moderately wounded.
You block Rupert's attack. You block the unseen horror's attack.
You hit the unseen horror.
The unseen horror is heavily wounded.
You hit the efreet. You slash Rupert! You block the unseen horror's attack.
You block Rupert's attack. The efreet misses you.
Rupert hits you with a +1 great mace of protection!!!
You slash Rupert!
Rupert is heavily wounded.
You hit the efreet but do no damage. Lightning courses through the efreet!
You block the unseen horror's attack.
Rupert hits you with a +1 great mace of protection!
The efreet gestures at you. The bolt of fire hits you!
You die...

.............
..............
#........:....
#............(
...####.............
.......>............
#########...........
#...x.......
#...@R0.....
#.##.@......
#.....0....<
#......0....
...)........
............
...........(.
............##


You could see Rupert (berserk), an efreet and an unseen horror (invisible).

Vanquished Creatures
  A very ugly thing (D:14)
  Josephine (D:11)
  8 hydras
  2 centaur warriors (D:14)
  2 two-headed ogres
  A boulder beetle (D:14)
  10 death yaks
  Urug (D:14)
  A skyshark (Lair:5)
  Amaemon (Lair:3)
  A goliath frog (Lair:5)
  Pikel (D:8)
  3 deep elf pyromancers (D:14)
  6 deep elf zephyrmancers (D:14)
  An ugly thing (D:12)
  11 elephants
  A black mamba (Lair:1)
  Maurice (D:10)
  2 gargoyles (D:11)
  2 torpor snails
  Joseph (D:9)
  An unseen horror (D:11)
  An orange demon (Lair:3)
  Psyche (D:11)
  17 cane toads
  6 komodo dragons
  2 kobold demonologists
  2 rime drakes
  2 polar bears
  A merfolk (D:11)
  A meliai (Lair:2)
  2 trolls
  A queen bee (Lair:3)
  2 tyrant leeches (Lair:5)
  36 blink frogs
  A snapping turtle (Lair:2)
  A shadow (D:11)
  5 wraiths (D:11)
  3 wyverns
  20 yaks
  A steam dragon (D:8)
  9 fire elementals (Lair:5)
  3 basilisks
  16 humans (D:14)
  9 vampire mosquitoes
  Menkaure (D:6)
  13 water moccasins
  2 orc warriors
  2 ice beasts
  A black bear (D:6)
  An ogre (D:7)
  6 wolves (Lair:3)
  6 centaurs
  2 lemures (D:8)
  A phantom (D:7)
  2 kobold brigands (D:11)
  18 bullfrogs
  A scorpion (D:5)
  A necrophage (D:4)
  A water moccasin zombie (D:4)
  2 gnoll sergeants (D:9)
  A wight (D:4)
  50 killer bees
  8 howler monkeys
  2 electric eels
  A human zombie (D:4)
  5 orc priests
  6 hounds
  4 quasits (D:5)
  2 iguanas
  5 jellies
  2 gnoll boudas
  6 orc wizards
  4 hound zombies (D:4)
  A mummy (D:4)
  23 gnolls
  2 adders
  3 shadow imps (D:5)
  2 white imps
  3 ufetubi
  3 adder zombies (D:4)
  2 worms (D:2)
  A dart slug (D:1)
  27 orcs
  7 bats
  5 endoplasms
  4 giant cockroaches
  5 goblins
  7 hobgoblins
  5 jackals
  6 ball pythons
  2 frilled lizards (D:1)
  9 kobolds
  8 rats
482 creatures vanquished.

Vanquished Creatures (others)
  A vampire mosquito (D:11)
1 creature vanquished.

Grand Total: 483 creatures vanquished

Notes
Turn   | Place    | Note
-------+----------+-------------------------------------------
     0 | D:1      | qw the Gargoyle Cinder Acolyte began the quest for the Orb.
     0 | D:1      | Reached XP level 1. HP: 14/14 MP: 2/2
     0 | D:1      | 0 ||| qw: Version: 0.2-a-95-g169b19f
     0 | D:1      | 0 ||| qw: Game counter: 192
     0 | D:1      | 0 ||| qw: Always use a shield: true
     0 | D:1      | 0 ||| qw: God list: Okawaru
     0 | D:1      | 0 ||| qw: Allow faded altars: false
     0 | D:1      | 0 ||| qw: Do Orc after D:15 true
     0 | D:1      | 0 ||| qw: Do second Lair branch before Depths: true
     0 | D:1      | 0 ||| qw: Lair rune preference: random
     0 | D:1      | 0 ||| qw: Plans: Normal
     0 | D:1      | 0 ||| PLANNING D:1-11
    80 | D:1      | Reached skill level 3 in Axes
   192 | D:1      | Reached XP level 2. HP: 19/19 MP: 3/3
   252 | D:1      | You fall into a shaft and drop 1 floor!
   459 | D:2      | Identified the +0 pair of boots of the Harp {rN++ rCorr
                  | Dex-4 Stlth+}
   472 | D:2      | 472 ||| UPGRADING to +0 pair of gloves.
   477 | D:2      | 477 ||| UPGRADING to +0 leather armour.
   487 | D:2      | 487 ||| DROPPING +0 robe.
   488 | D:2      | 488 ||| READING scroll labelled NAP TAMNUGRATT.
   489 | D:2      | 489 ||| READING scroll labelled EBESTR XASCH.
   686 | D:1      | Reached XP level 3. HP: 22/23 MP: 4/4
   735 | D:1      | 735 ||| Stepping ~*~*~tactically~*~*~ (hiding).
   871 | D:1      | Reached skill level 4 in Axes
  1127 | D:1      | 1127 ||| READING scroll labelled VIUFAKK SIEHEI.
  1128 | D:1      | 1128 ||| READING scroll labelled XYSHATUTIR.
  1145 | D:1      | 1145 ||| DRINKING 2 fizzy brown potions.
  1146 | D:1      | 1146 ||| DROPPING potion of invisibility.
  1603 | D:2      | Found a faded altar of an unknown god.
  1646 | D:2      | 1646 ||| READING scroll labelled NOSHIATTICS.
  1649 | D:2      | 1649 ||| READING scroll labelled DEOH VINWIG.
  1724 | D:2      | 1724 ||| DROPPING +0 club.
  1725 | D:2      | 1725 ||| DRINKING 2 green potions.
  1728 | D:3      | Found a stormy altar of Qazlal.
  1767 | D:3      | 1767 ||| Stepping ~*~*~tactically~*~*~ (stealth).
  1849 | D:3      | Reached XP level 4. HP: 28/28 MP: 5/5
  2366 | D:3      | 2366 ||| UPGRADING to +0 ring mail.
  2376 | D:3      | 2376 ||| DROPPING +0 leather armour.
  2377 | D:3      | 2377 ||| DROPPING scarf of harm.
  2378 | D:3      | 2378 ||| UPGRADING to +2 helmet of see invisible.
  2383 | D:3      | 2383 ||| UPGRADING to +0 chain mail.
  2393 | D:3      | 2393 ||| DROPPING +0 ring mail.
  2394 | D:3      | 2394 ||| DRINKING 2 coppery potions.
  2395 | D:3      | 2395 ||| DROPPING potion of attraction.
  2410 | D:4      | 2410 ||| PLANNING OSSUARY
  2525 | D:4      | Noticed a necrophage
  2545 | D:4      | Killed a necrophage
  2546 | D:4      | Reached XP level 5. HP: 32/32 MP: 6/6
  2549 | D:4      | Found an ancient bone altar of Kikubaaqudgha.
  2578 | D:4      | Reached skill level 1 in Throwing
  2639 | D:4      | 2639 ||| INVOKING Fiery Armour.
  2644 | D:4      | Reached skill level 5 in Axes
  2644 | D:4      | Reached XP level 6. HP: 16/37 MP: 7/7
  2778 | D:4      | Reached skill level 3 in Armour
  2782 | D:4      | 2782 ||| INVOKING Fiery Armour.
  2890 | D:4      | Found an iron altar of Okawaru.
  2922 | D:4      | Found a runed translucent door.
  2923 | D:4      | Noticed Crazy Yiuf
  3012 | D:4      | 3012 ||| Stepping ~*~*~tactically~*~*~ (stealth).
  3014 | D:4      | 3014 ||| Stepping ~*~*~tactically~*~*~ (stealth).
  3015 | D:4      | 3015 ||| Stepping ~*~*~tactically~*~*~ (stealth).
  3027 | D:4      | 3027 ||| DROPPING +0 whip.
  3027 | D:4      | 3027 ||| RIP OSSUARY
  3028 | D:4      | 3028 ||| PLANNING D:1-11
  3030 | D:4      | 3030 ||| Stepping ~*~*~tactically~*~*~ (stealth).
  3033 | D:4      | 3033 ||| Stepping ~*~*~tactically~*~*~ (hiding).
  3034 | D:4      | 3034 ||| Stepping ~*~*~tactically~*~*~ (hiding).
  3048 | D:4      | 3048 ||| INVOKING Fiery Armour.
  3057 | D:4      | Reached XP level 7. HP: 21/43 MP: 8/8
  3240 | D:4      | Reached skill level 6 in Axes
  3433 | D:4      | 3433 ||| UPGRADING to +0 plate armour.
  3443 | D:4      | 3443 ||| DROPPING +0 chain mail.
  3444 | D:4      | 3444 ||| READING scroll labelled DUOVORRE RAESS.
  3445 | D:4      | 3445 ||| DRINKING 2 puce potions.
  3446 | D:4      | 3446 ||| READING 2 scrolls of identify.
  3446 | D:4      | 3446 ||| IDENTIFYING murky orange potion
  3447 | D:4      | 3447 ||| DROPPING potion of berserk rage.
  3497 | D:5      | Entered Level 5 of the Dungeon
  3583 | D:5      | 3583 ||| Stepping ~*~*~tactically~*~*~ (stealth).
  3584 | D:5      | 3584 ||| Stepping ~*~*~tactically~*~*~ (stealth).
  3585 | D:5      | 3585 ||| Stepping ~*~*~tactically~*~*~ (stealth).
  3613 | D:5      | 3613 ||| Stepping ~*~*~tactically~*~*~ (stealth).
  3614 | D:5      | 3614 ||| Stepping ~*~*~tactically~*~*~ (stealth).
  3615 | D:5      | 3615 ||| Stepping ~*~*~tactically~*~*~ (stealth).
  3624 | D:5      | 3624 ||| Stepping ~*~*~tactically~*~*~ (stealth).
  3632 | D:5      | Lost dexterity.
  3674 | D:5      | 3674 ||| INVOKING Fiery Armour.
  3682 | D:5      | Reached XP level 8. HP: 21/48 MP: 9/9
  3685 | D:5      | Reached skill level 7 in Axes
  3698 | D:5      | 3698 ||| Stepping ~*~*~tactically~*~*~ (stealth).
  3701 | D:5      | 3701 ||| Stepping ~*~*~tactically~*~*~ (stealth).
  3703 | D:5      | 3703 ||| Stepping ~*~*~tactically~*~*~ (stealth).
  3706 | D:5      | 3706 ||| Stepping ~*~*~tactically~*~*~ (stealth).
  3707 | D:5      | 3707 ||| Stepping ~*~*~tactically~*~*~ (hiding).
  3787 | D:5      | 3787 ||| Stepping ~*~*~tactically~*~*~ (stealth).
  3791 | D:5      | 3791 ||| Stepping ~*~*~tactically~*~*~ (stealth).
  3793 | D:5      | 3793 ||| Stepping ~*~*~tactically~*~*~ (hiding).
  3794 | D:5      | 3794 ||| Stepping ~*~*~tactically~*~*~ (hiding).
  3795 | D:5      | 3795 ||| Stepping ~*~*~tactically~*~*~ (stealth).
  3906 | D:5      | 3906 ||| DRINKING 4 potions of curing.
  3906 | D:5      | 3906 ||| (to cure confusion)
  4299 | D:5      | 4299 ||| UPGRADING to +0 pair of boots.
  4304 | D:5      | 4304 ||| UPGRADING to +0 pair of boots of the Harp {rN++
                  | rCorr Dex-4 Stlth+}.
  4314 | D:5      | 4314 ||| UPGRADING to +5 ring of evasion.
  4315 | D:5      | 4315 ||| READING 2 scrolls of identify.
  4315 | D:5      | 4315 ||| IDENTIFYING bubbling golden potion
  4316 | D:5      | 4316 ||| DROPPING potion of degeneration.
  4335 | D:6      | Found Ufojam's Jewellery Shop.
  4339 | D:6      | 4339 ||| SHOPLISTING +6 ring of dexterity (360 gold, have
                  | 342).
  4339 | D:6      | 4339 ||| SHOPLISTING ring "Otythref" {*Corrode rElec rC+
                  | MP+9 Int+5} (628 gold, have 342).
  4339 | D:6      | 4339 ||| SHOPLISTING ring "Tuugiad" {rElec rF+ Str+3} (453
                  | gold, have 342).
  4339 | D:6      | 4339 ||| BUYING ring of positive energy (200 gold).
  4339 | D:6      | Bought a ring of positive energy for 200 gold pieces
  4339 | D:6      | 4339 ||| SHOPLISTING ring of protection from cold (250
                  | gold, have 142).
  4339 | D:6      | 4339 ||| SHOPLISTING ring of protection from fire (250
                  | gold, have 142).
  4339 | D:6      | 4339 ||| SHOPLISTING ring of willpower (250 gold, have
                  | 142).
  4452 | D:6      | Identified the +2 flail of Vaqocics {protect, rElec Int-4
                  | Stlth+}
  4454 | D:6      | 4454 ||| DROPPING +0 flail.
  4556 | D:6      | 4556 ||| Stepping ~*~*~tactically~*~*~ (hiding).
  4557 | D:6      | 4557 ||| Stepping ~*~*~tactically~*~*~ (hiding).
  4576 | D:6      | Reached skill level 8 in Axes
  4594 | D:6      | 4594 ||| Stepping ~*~*~tactically~*~*~ (stealth).
  4683 | D:6      | 4683 ||| Stepping ~*~*~tactically~*~*~ (stealth).
  4686 | D:6      | Noticed Menkaure
  4706 | D:6      | Killed Menkaure
  4707 | D:6      | Reached skill level 6 in Fighting
  4707 | D:6      | Reached XP level 9. HP: 38/56 MP: 10/10
  4731 | D:6      | Reached skill level 6 in Armour
  4802 | D:6      | 4802 ||| Stepping ~*~*~tactically~*~*~ (stealth).
  4820 | D:6      | Found a staircase to the Ecumenical Temple.
  4986 | D:6      | 4986 ||| Stepping ~*~*~tactically~*~*~ (hiding).
  5166 | D:6      | 5166 ||| UPGRADING to +0 pair of boots.
  5176 | D:6      | 5176 ||| UPGRADING to ring of positive energy.
  5177 | D:6      | 5177 ||| READING scroll labelled DIQOSA UGECRASK.
  5178 | D:6      | 5178 ||| READING 2 scrolls of identify.
  5178 | D:6      | 5178 ||| IDENTIFYING bubbling cyan potion
  5179 | D:6      | 5179 ||| DROPPING potion of lignification.
  5449 | D:7      | 5449 ||| Stepping ~*~*~tactically~*~*~ (hiding).
  5457 | D:7      | 5457 ||| INVOKING Fiery Armour.
  5471 | D:7      | 5471 ||| Stepping ~*~*~tactically~*~*~ (stealth).
  5473 | D:7      | 5473 ||| Stepping ~*~*~tactically~*~*~ (stealth).
  5532 | D:7      | Reached skill level 9 in Axes
  5815 | D:7      | 5815 ||| READING 3 scrolls labelled VOULIQYMOGH.
  5816 | D:7      | 5816 ||| READING 2 scrolls of enchant armour.
  5816 | D:7      | 5816 ||| ENCHANTING +0 pair of gloves.
  5817 | D:7      | 5817 ||| READING scroll of enchant armour.
  5817 | D:7      | 5817 ||| ENCHANTING +1 pair of gloves.
  5818 | D:7      | 5818 ||| DRINKING 2 white potions.
  5819 | D:7      | 5819 ||| READING 3 scrolls of identify.
  5819 | D:7      | 5819 ||| IDENTIFYING sapphire potion
  5820 | D:7      | 5820 ||| DROPPING potion of brilliance.
  5904 | D:8      | 5904 ||| Stepping ~*~*~tactically~*~*~ (stealth).
  5939 | D:8      | 5939 ||| Stepping ~*~*~tactically~*~*~ (stealth).
  5940 | D:8      | 5940 ||| Stepping ~*~*~tactically~*~*~ (stealth).
  5941 | D:8      | 5941 ||| Stepping ~*~*~tactically~*~*~ (stealth).
  6113 | D:8      | Noticed Pikel
  6113 | D:8      | 6113 ||| Stepping ~*~*~tactically~*~*~ (stealth).
  6115 | D:8      | 6115 ||| Stepping ~*~*~tactically~*~*~ (hiding).
  6158 | D:8      | Killed Pikel
  6159 | D:8      | Reached skill level 10 in Axes
  6159 | D:8      | Reached XP level 10. HP: 49/63 MP: 11/11
  6212 | D:8      | Found an opulent altar of Gozag.
  6325 | D:8      | 6325 ||| INVOKING Fiery Armour.
  6328 | D:8      | HP: 14/63 [yak (3)]
  6329 | D:8      | 6329 ||| READING 5 scrolls of teleportation.
  6330 | D:8      | 6330 ||| DRINKING potion of heal wounds.
  6433 | D:8      | Found a blossoming altar of Fedhas.
  6444 | D:8      | Found Foumo's Antique Weapon Emporium.
  6636 | D:8      | Found a burning altar of Makhleb.
  6638 | D:8      | 6638 ||| READING scroll labelled TOEME WYTEVEHEX.
  6640 | D:8      | 6640 ||| Stepping ~*~*~tactically~*~*~ (stealth).
  6813 | D:8      | 6813 ||| READING 2 scrolls of identify.
  6813 | D:8      | 6813 ||| IDENTIFYING sedimented grey potion
  6876 | D:9      | 6876 ||| INVOKING Fiery Armour.
  6981 | D:9      | 6981 ||| Stepping ~*~*~tactically~*~*~ (hiding).
  6990 | D:9      | Noticed Joseph
  6994 | D:9      | 6994 ||| Stepping ~*~*~tactically~*~*~ (hiding).
  7006 | D:9      | Killed Joseph
  7007 | D:9      | Reached skill level 3 in Throwing
  7066 | D:9      | 7066 ||| Stepping ~*~*~tactically~*~*~ (hiding).
  7067 | D:9      | 7067 ||| Stepping ~*~*~tactically~*~*~ (hiding).
  7090 | D:9      | 7090 ||| Stepping ~*~*~tactically~*~*~ (stealth).
  7119 | D:9      | 7119 ||| Stepping ~*~*~tactically~*~*~ (stealth).
  7121 | D:9      | 7121 ||| Stepping ~*~*~tactically~*~*~ (hiding).
  7344 | D:9      | 7344 ||| Stepping ~*~*~tactically~*~*~ (stealth).
  7565 | D:9      | 7565 ||| Stepping ~*~*~tactically~*~*~ (hiding).
  7581 | D:9      | 7581 ||| INVOKING Fiery Armour.
  7742 | D:9      | 7742 ||| READING scroll of enchant armour.
  7742 | D:9      | 7742 ||| ENCHANTING +0 pair of boots.
  7749 | D:9      | 7749 ||| DROPPING +0 pair of boots of the Harp {rN++ rCorr
                  | Dex-4 Stlth+}.
  7750 | D:9      | 7750 ||| UPGRADING to +0 kite shield.
  7755 | D:9      | 7755 ||| UPGRADING to +4 ring of slaying {mikee}.
  7757 | D:9      | 7757 ||| DROPPING ring of positive energy.
  7758 | D:9      | 7758 ||| READING scroll labelled HOCUBAOFUR.
  7805 | D:10     | Entered Level 10 of the Dungeon
  7862 | D:10     | Reached skill level 1 in Shields
  7870 | D:10     | 7870 ||| Stepping ~*~*~tactically~*~*~ (stealth).
  7871 | D:10     | 7871 ||| Stepping ~*~*~tactically~*~*~ (stealth).
  7872 | D:10     | 7872 ||| Stepping ~*~*~tactically~*~*~ (stealth).
  7882 | D:10     | Reached skill level 3 in Shields
  7916 | D:10     | Noticed a kobold demonologist
  7919 | D:10     | Noticed a soul eater
  7919 | D:10     | 7919 ||| INVOKING Fiery Armour.
  7952 | D:10     | Killed a kobold demonologist
  8347 | D:10     | 8347 ||| INVOKING Fiery Armour.
  8358 | D:10     | Reached XP level 11. HP: 68/68 MP: 12/12
  8418 | D:10     | Noticed Maurice
  8420 | D:10     | 8420 ||| Stepping ~*~*~tactically~*~*~ (hiding).
  8428 | D:10     | 8428 ||| DRINKING 4 potions of curing.
  8428 | D:10     | 8428 ||| (to cure confusion)
  8429 | D:10     | Killed Maurice
  8656 | D:10     | 8656 ||| UPGRADING to +0 cloak.
  8661 | D:10     | 8661 ||| READING scroll labelled RAUHIWUCARR.
  8662 | D:10     | 8662 ||| DRINKING 3 bubbling ruby potions.
  8791 | D:11     | Reached skill level 6 in Shields
  8797 | D:11     | Noticed Josephine
  8798 | D:11     | 8798 ||| Stepping ~*~*~tactically~*~*~ (hiding).
  8819 | D:11     | 8819 ||| INVOKING Fiery Armour.
  8827 | D:11     | Killed Josephine
  8833 | D:11     | HP: 13/68 [wraith[Josephine] (6)]
  8834 | D:11     | 8834 ||| READING 6 scrolls of teleportation.
  8836 | D:11     | HP: 6/68 [wraith[Josephine] (2)]
  8838 | D:11     | 8838 ||| READING 5 scrolls of teleportation.
  8891 | D:11     | 8891 ||| Stepping ~*~*~tactically~*~*~ (stealth).
  8893 | D:11     | 8893 ||| Stepping ~*~*~tactically~*~*~ (stealth).
  8923 | D:11     | 8923 ||| INVOKING Fiery Armour.
  9064 | D:11     | Found a staircase to the Orcish Mines.
  9064 | D:11     | Noticed Psyche
  9065 | D:11     | 9065 ||| INVOKING Fiery Armour.
  9073 | D:11     | Killed Psyche
  9114 | D:11     | Identified the +11 dagger of Ravage {freeze, rElec rN+ MP-9
                  | Dex+4}
  9117 | D:11     | 9117 ||| PLANNING OKAWARU WORSHIP
  9254 | D:4      | 9254 ||| Stepping randomly (stuck).
  9255 | D:4      | 9255 ||| Stepping randomly (stuck).
  9256 | D:4      | 9256 ||| Stepping randomly (stuck).
  9257 | D:4      | 9257 ||| Stepping randomly (stuck).
  9258 | D:4      | 9258 ||| Stepping randomly (stuck).
  9259 | D:4      | 9259 ||| Stepping randomly (stuck).
  9260 | D:4      | 9260 ||| Stepping randomly (stuck).
  9261 | D:4      | 9261 ||| Stepping randomly (stuck).
  9262 | D:4      | 9262 ||| Stepping randomly (stuck).
  9263 | D:4      | 9263 ||| Stepping randomly (stuck).
  9264 | D:4      | 9264 ||| Stepping randomly (stuck).
  9265 | D:4      | 9265 ||| Stepping randomly (stuck).
  9266 | D:4      | 9266 ||| Stepping randomly (stuck).
  9267 | D:4      | 9267 ||| Stepping randomly (stuck).
  9268 | D:4      | 9268 ||| Stepping randomly (stuck).
  9269 | D:4      | 9269 ||| Stepping randomly (stuck).
  9270 | D:4      | 9270 ||| Stepping randomly (stuck).
  9271 | D:4      | 9271 ||| Stepping randomly (stuck).
  9272 | D:4      | 9272 ||| Stepping randomly (stuck).
  9273 | D:4      | 9273 ||| Stepping randomly (stuck).
  9274 | D:4      | 9274 ||| Stepping randomly (stuck).
  9275 | D:4      | 9275 ||| Stepping randomly (stuck).
  9276 | D:4      | 9276 ||| Stepping randomly (stuck).
  9277 | D:4      | 9277 ||| Stepping randomly (stuck).
  9278 | D:4      | 9278 ||| Stepping randomly (stuck).
  9279 | D:4      | 9279 ||| Stepping randomly (stuck).
  9280 | D:4      | 9280 ||| Stepping randomly (stuck).
  9281 | D:4      | 9281 ||| Stepping randomly (stuck).
  9282 | D:4      | 9282 ||| Stepping randomly (stuck).
  9283 | D:4      | 9283 ||| Stepping randomly (stuck).
  9284 | D:4      | 9284 ||| Stepping randomly (stuck).
  9285 | D:4      | 9285 ||| Stepping randomly (stuck).
  9286 | D:4      | 9286 ||| Stepping randomly (stuck).
  9287 | D:4      | 9287 ||| Stepping randomly (stuck).
  9288 | D:4      | 9288 ||| Stepping randomly (stuck).
  9289 | D:4      | 9289 ||| Stepping randomly (stuck).
  9290 | D:4      | 9290 ||| Stepping randomly (stuck).
  9291 | D:4      | 9291 ||| Stepping randomly (stuck).
  9292 | D:4      | 9292 ||| Stepping randomly (stuck).
  9293 | D:4      | 9293 ||| Stepping randomly (stuck).
  9294 | D:4      | 9294 ||| Stepping randomly (stuck).
  9295 | D:4      | 9295 ||| Stepping randomly (stuck).
  9296 | D:4      | 9296 ||| Stepping randomly (stuck).
  9297 | D:4      | 9297 ||| Stepping randomly (stuck).
  9298 | D:4      | 9298 ||| Stepping randomly (stuck).
  9299 | D:4      | 9299 ||| Stepping randomly (stuck).
  9300 | D:4      | 9300 ||| Stepping randomly (stuck).
  9301 | D:4      | 9301 ||| Stepping randomly (stuck).
  9302 | D:4      | 9302 ||| Stepping randomly (stuck).
  9303 | D:4      | 9303 ||| Stepping randomly (stuck).
  9304 | D:4      | 9304 ||| Stepping randomly (stuck).
  9305 | D:4      | 9305 ||| READING 4 scrolls of teleportation.
  9308 | D:4      | 9308 ||| READING 3 scrolls of teleportation.
  9311 | D:4      | 9311 ||| READING 2 scrolls of teleportation.
  9316 | D:4      | 9316 ||| READING scroll of teleportation.
  9321 | D:4      | 9321 ||| Stepping randomly (stuck).
  9322 | D:4      | 9322 ||| Stepping randomly (stuck).
  9323 | D:4      | 9323 ||| Stepping randomly (stuck).
  9324 | D:4      | 9324 ||| Stepping randomly (stuck).
  9325 | D:4      | 9325 ||| Stepping randomly (stuck).
  9326 | D:4      | 9326 ||| Stepping randomly (stuck).
  9327 | D:4      | 9327 ||| Stepping randomly (stuck).
  9328 | D:4      | 9328 ||| Stepping randomly (stuck).
  9329 | D:4      | 9329 ||| Stepping randomly (stuck).
  9330 | D:4      | 9330 ||| Stepping randomly (stuck).
  9331 | D:4      | 9331 ||| Stepping randomly (stuck).
  9332 | D:4      | 9332 ||| Stepping randomly (stuck).
  9333 | D:4      | 9333 ||| Stepping randomly (stuck).
  9334 | D:4      | 9334 ||| Stepping randomly (stuck).
  9335 | D:4      | 9335 ||| Stepping randomly (stuck).
  9336 | D:4      | 9336 ||| Stepping randomly (stuck).
  9337 | D:4      | 9337 ||| Stepping randomly (stuck).
  9338 | D:4      | 9338 ||| Stepping randomly (stuck).
  9339 | D:4      | 9339 ||| Stepping randomly (stuck).
  9340 | D:4      | 9340 ||| Stepping randomly (stuck).
  9341 | D:4      | 9341 ||| Stepping randomly (stuck).
  9342 | D:4      | 9342 ||| Stepping randomly (stuck).
  9343 | D:4      | 9343 ||| Stepping randomly (stuck).
  9344 | D:4      | 9344 ||| Stepping randomly (stuck).
  9345 | D:4      | 9345 ||| Stepping randomly (stuck).
  9346 | D:4      | 9346 ||| Stepping randomly (stuck).
  9347 | D:4      | 9347 ||| Stepping randomly (stuck).
  9348 | D:4      | 9348 ||| Stepping randomly (stuck).
  9349 | D:4      | 9349 ||| Stepping randomly (stuck).
  9350 | D:4      | 9350 ||| Stepping randomly (stuck).
  9351 | D:4      | 9351 ||| Stepping randomly (stuck).
  9352 | D:4      | 9352 ||| Stepping randomly (stuck).
  9353 | D:4      | 9353 ||| Stepping randomly (stuck).
  9354 | D:4      | 9354 ||| Stepping randomly (stuck).
  9355 | D:4      | 9355 ||| Stepping randomly (stuck).
  9356 | D:4      | 9356 ||| Stepping randomly (stuck).
  9357 | D:4      | 9357 ||| Stepping randomly (stuck).
  9358 | D:4      | 9358 ||| Stepping randomly (stuck).
  9359 | D:4      | 9359 ||| Stepping randomly (stuck).
  9360 | D:4      | 9360 ||| Stepping randomly (stuck).
  9361 | D:4      | 9361 ||| Stepping randomly (stuck).
  9362 | D:4      | 9362 ||| Stepping randomly (stuck).
  9363 | D:4      | 9363 ||| Stepping randomly (stuck).
  9364 | D:4      | 9364 ||| Stepping randomly (stuck).
  9365 | D:4      | 9365 ||| Stepping randomly (stuck).
  9366 | D:4      | 9366 ||| Stepping randomly (stuck).
  9367 | D:4      | 9367 ||| Stepping randomly (stuck).
  9368 | D:4      | 9368 ||| Stepping randomly (stuck).
  9369 | D:4      | 9369 ||| Stepping randomly (stuck).
  9370 | D:4      | 9370 ||| Stepping randomly (stuck).
  9371 | D:4      | 9371 ||| Stepping randomly (stuck).
  9372 | D:4      | 9372 ||| Stepping randomly (stuck).
  9373 | D:4      | 9373 ||| Stepping randomly (stuck).
  9374 | D:4      | 9374 ||| Stepping randomly (stuck).
  9375 | D:4      | 9375 ||| Stepping randomly (stuck).
  9376 | D:4      | 9376 ||| Stepping randomly (stuck).
  9377 | D:4      | 9377 ||| Stepping randomly (stuck).
  9378 | D:4      | 9378 ||| Stepping randomly (stuck).
  9379 | D:4      | 9379 ||| Stepping randomly (stuck).
  9380 | D:4      | 9380 ||| Stepping randomly (stuck).
  9381 | D:4      | 9381 ||| Stepping randomly (stuck).
  9382 | D:4      | 9382 ||| Stepping randomly (stuck).
  9383 | D:4      | 9383 ||| Stepping randomly (stuck).
  9384 | D:4      | 9384 ||| Stepping randomly (stuck).
  9385 | D:4      | 9385 ||| Stepping randomly (stuck).
  9386 | D:4      | 9386 ||| Stepping randomly (stuck).
  9387 | D:4      | 9387 ||| Stepping randomly (stuck).
  9388 | D:4      | 9388 ||| Stepping randomly (stuck).
  9389 | D:4      | 9389 ||| Stepping randomly (stuck).
  9390 | D:4      | 9390 ||| Stepping randomly (stuck).
  9391 | D:4      | 9391 ||| Stepping randomly (stuck).
  9392 | D:4      | 9392 ||| Stepping randomly (stuck).
  9393 | D:4      | 9393 ||| Stepping randomly (stuck).
  9394 | D:4      | 9394 ||| Stepping randomly (stuck).
  9395 | D:4      | 9395 ||| Stepping randomly (stuck).
  9396 | D:4      | 9396 ||| Stepping randomly (stuck).
  9397 | D:4      | 9397 ||| Stepping randomly (stuck).
  9398 | D:4      | 9398 ||| Stepping randomly (stuck).
  9399 | D:4      | 9399 ||| Stepping randomly (stuck).
  9400 | D:4      | 9400 ||| Stepping randomly (stuck).
  9401 | D:4      | 9401 ||| Stepping randomly (stuck).
  9402 | D:4      | 9402 ||| Stepping randomly (stuck).
  9403 | D:4      | 9403 ||| Stepping randomly (stuck).
  9404 | D:4      | 9404 ||| Stepping randomly (stuck).
  9405 | D:4      | 9405 ||| Stepping randomly (stuck).
  9406 | D:4      | 9406 ||| Stepping randomly (stuck).
  9407 | D:4      | 9407 ||| PLANNING OKAWARU WORSHIP
  9407 | D:4      | 9407 ||| Stepping randomly (stuck).
  9408 | D:4      | 9408 ||| Stepping randomly (stuck).
  9409 | D:4      | 9409 ||| Stepping randomly (stuck).
  9410 | D:4      | 9410 ||| PLANNING OKAWARU WORSHIP
  9410 | D:4      | 9410 ||| Stepping randomly (stuck).
  9411 | D:4      | 9411 ||| Stepping randomly (stuck).
  9412 | D:4      | 9412 ||| Stepping randomly (stuck).
  9413 | D:4      | 9413 ||| Stepping randomly (stuck).
  9414 | D:4      | 9414 ||| Stepping randomly (stuck).
  9415 | D:4      | 9415 ||| Stepping randomly (stuck).
  9416 | D:4      | 9416 ||| Stepping randomly (stuck).
  9417 | D:4      | 9417 ||| Stepping randomly (stuck).
  9418 | D:4      | 9418 ||| Stepping randomly (stuck).
  9419 | D:4      | 9419 ||| Stepping randomly (stuck).
  9420 | D:4      | 9420 ||| Stepping randomly (stuck).
  9421 | D:4      | 9421 ||| PLANNING OKAWARU WORSHIP
  9471 | D:4      | 9471 ||| Stepping randomly (stuck).
  9473 | D:4      | 9473 ||| Stepping randomly (stuck).
  9475 | D:4      | 9475 ||| Stepping randomly (stuck).
  9477 | D:4      | 9477 ||| Stepping randomly (stuck).
  9479 | D:4      | 9479 ||| Stepping randomly (stuck).
  9481 | D:4      | 9481 ||| Stepping randomly (stuck).
  9482 | D:4      | 9482 ||| PLANNING OKAWARU WORSHIP
  9482 | D:4      | 9482 ||| PLANNING TEMPLE
  9482 | D:4      | 9482 ||| PLANNING TEMPLE
  9576 | Temple   | Entered the Ecumenical Temple
  9667 | Temple   | 9667 ||| PLANNING D:1-11
  9788 | D:11     | Noticed a sixfirhy
  9839 | D:11     | Reached skill level 9 in Shields
  9882 | D:11     | 9882 ||| Stepping ~*~*~tactically~*~*~ (hiding).
  9900 | D:11     | Reached skill level 11 in Axes
  9909 | D:11     | 9909 ||| DROPPING +2 flail of Vaqocics {protect, rElec
                  | Int-4 Stlth+}.
 10012 | D:11     | Reached skill level 1 in Dodging
 10138 | D:11     | Found a staircase to the Lair.
 10671 | D:11     | 10671 ||| PLANNING LAIR
 10737 | Lair:1   | Entered Level 1 of the Lair of Beasts
 10897 | Lair:1   | Reached skill level 9 in Armour
 11068 | Lair:1   | Reached XP level 12. HP: 75/75 MP: 13/13
 11094 | Lair:1   | 11094 ||| Stepping ~*~*~tactically~*~*~ (stealth).
 11107 | Lair:1   | Reached skill level 9 in Fighting
 11269 | Lair:1   | 11269 ||| Stepping ~*~*~tactically~*~*~ (hiding).
 11562 | Lair:1   | 11562 ||| READING scroll labelled ROURAA IFYH.
 11563 | Lair:1   | 11563 ||| READING scroll labelled CONOGG KIMUG.
 11563 | Lair:1   | Identified a scroll of acquirement
 11563 | Lair:1   | 11563 ||| ACQUIRING +2 war axe of electrocution
 11563 | Lair:1   | Acquired a +2 war axe of electrocution
 11565 | Lair:1   | 11565 ||| SWAPPING to +2 war axe of electrocution.
 11566 | Lair:1   | 11566 ||| DROPPING +0 hand axe of freezing.
 11567 | Lair:1   | 11567 ||| READING 4 scrolls of identify.
 11567 | Lair:1   | 11567 ||| IDENTIFYING viscous blue potion
 11568 | Lair:1   | 11568 ||| READING 3 scrolls of identify.
 11568 | Lair:1   | 11568 ||| IDENTIFYING bubbling sapphire potion
 11569 | Lair:1   | 11569 ||| DROPPING potion of magic.
 11570 | Lair:1   | 11570 ||| DROPPING potion of flight.
 11712 | Lair:2   | 11712 ||| READING scroll of enchant armour.
 11712 | Lair:2   | 11712 ||| ENCHANTING +1 pair of boots.
 11872 | Lair:2   | 11872 ||| DROPPING +0 morningstar.
 11873 | Lair:2   | Found a hole to the Spider Nest.
 11986 | Lair:2   | Noticed a death yak
 11986 | Lair:2   | Noticed a death yak
 11987 | Lair:2   | 11987 ||| Stepping ~*~*~tactically~*~*~ (stealth).
 11987 | Lair:2   | Noticed a death yak
 11987 | Lair:2   | Noticed a death yak
 11987 | Lair:2   | Noticed a death yak
 11988 | Lair:2   | 11988 ||| Stepping ~*~*~tactically~*~*~ (stealth).
 11989 | Lair:2   | 11989 ||| Stepping ~*~*~tactically~*~*~ (stealth).
 11990 | Lair:2   | Noticed a death yak
 11999 | Lair:2   | Killed a death yak
 12000 | Lair:2   | Reached skill level 12 in Axes
 12001 | Lair:2   | Killed a death yak
 12002 | Lair:2   | HP: 13/76 [komodo dragon (10)]
 12003 | Lair:2   | 12003 ||| READING 2 scrolls of teleportation.
 12004 | Lair:2   | 12004 ||| DRINKING potion of heal wounds.
 12106 | Lair:2   | Killed a death yak
 12108 | Lair:2   | Killed a death yak
 12110 | Lair:2   | Killed a death yak
 12116 | Lair:2   | Killed a death yak
 12643 | Lair:2   | Found a staircase to the Shoals.
 12773 | Lair:2   | Found a transporter.
 12775 | Lair:2   | Found a transporter.
 12776 | Lair:2   | Noticed a boulder beetle
 12779 | Lair:2   | Noticed a boulder beetle
 12967 | Lair:2   | 12967 ||| READING 2 scrolls of identify.
 12967 | Lair:2   | 12967 ||| IDENTIFYING fizzy golden potion
 13076 | Lair:3   | 13076 ||| Stepping ~*~*~tactically~*~*~ (stealth).
 13081 | Lair:3   | 13081 ||| Stepping ~*~*~tactically~*~*~ (stealth).
 13088 | Lair:3   | 13088 ||| Stepping ~*~*~tactically~*~*~ (hiding).
 13096 | Lair:3   | 13096 ||| Stepping ~*~*~tactically~*~*~ (stealth).
 13191 | Lair:3   | 13191 ||| Stepping ~*~*~tactically~*~*~ (stealth).
 13228 | Lair:3   | HP: 18/77 [elephant (13)]
 13229 | Lair:3   | 13229 ||| READING scroll of teleportation.
 13230 | Lair:3   | 13230 ||| DRINKING 2 potions of heal wounds.
 13240 | Lair:3   | Reached XP level 13. HP: 31/82 MP: 14/14
 13286 | Lair:3   | 13286 ||| Stepping ~*~*~tactically~*~*~ (stealth).
 13287 | Lair:3   | 13287 ||| Stepping ~*~*~tactically~*~*~ (stealth).
 13289 | Lair:3   | 13289 ||| Stepping ~*~*~tactically~*~*~ (stealth).
 13293 | Lair:3   | 13293 ||| Stepping ~*~*~tactically~*~*~ (stealth).
 13299 | Lair:3   | 13299 ||| SWAPPING to +1 hand axe of flaming.
 13307 | Lair:3   | Reached skill level 13 in Axes
 13307 | Lair:3   | 13307 ||| SWAPPING to +2 war axe of electrocution.
 13418 | Lair:3   | 13418 ||| Stepping ~*~*~tactically~*~*~ (stealth).
 13419 | Lair:3   | 13419 ||| Stepping ~*~*~tactically~*~*~ (stealth).
 13541 | Lair:3   | Noticed Amaemon
 13556 | Lair:3   | Killed Amaemon
 13719 | Lair:3   | 13719 ||| Stepping ~*~*~tactically~*~*~ (stealth).
 13960 | Lair:3   | Found the ring of the Octopus King
 13961 | Lair:3   | Identified a ring of the Octopus King {rN+ HP+2 AC+2 EV+2
                  | SH+2}
 14492 | Lair:3   | 14492 ||| DROPPING +2 pair of gloves.
 14493 | Lair:3   | 14493 ||| UPGRADING to ring of the Octopus King {rN+ HP+2
                  | AC+2 EV+2 SH+2}.
 14499 | Lair:3   | 14499 ||| UPGRADING to +5 ring of evasion.
 14501 | Lair:3   | 14501 ||| DROPPING +4 ring of slaying {mikee}.
 14502 | Lair:3   | 14502 ||| READING 3 scrolls labelled VOSORY ZUJURUE.
 14503 | Lair:3   | 14503 ||| READING scroll labelled UHAULA DOWA.
 14604 | Lair:3   | 14604 ||| DRINKING 4 cyan potions.
 14605 | Lair:3   | 14605 ||| DRINKING 3 potions of curing.
 14605 | Lair:3   | 14605 ||| (to cure confusion)
 14606 | Lair:3   | 14606 ||| DROPPING 2 scrolls of immolation.
 14607 | Lair:3   | 14607 ||| DROPPING 3 potions of ambrosia.
 14660 | Lair:4   | 14660 ||| STAIRDANCE
 14741 | Lair:4   | 14741 ||| STAIRDANCE
 14795 | Lair:4   | Reached skill level 14 in Axes
 14863 | Lair:4   | 14863 ||| Stepping ~*~*~tactically~*~*~ (stealth).
 14955 | Lair:4   | 14955 ||| READING scroll of enchant weapon.
 14955 | Lair:4   | 14955 ||| ENCHANTING +2 war axe of electrocution.
 14972 | Lair:4   | 14972 ||| Stepping ~*~*~tactically~*~*~ (stealth).
 14974 | Lair:4   | 14974 ||| Stepping ~*~*~tactically~*~*~ (stealth).
 15117 | Lair:4   | Found a viscous altar of Jiyva.
 15119 | Lair:4   | 15119 ||| Stepping ~*~*~tactically~*~*~ (stealth).
 15119 | Lair:4   | Found a staircase to the Slime Pits.
 15285 | Lair:4   | 15285 ||| Stepping ~*~*~tactically~*~*~ (stealth).
 15554 | Lair:4   | 15554 ||| DROPPING scarf of harm.
 15575 | Lair:5   | Entered Level 5 of the Lair of Beasts
 15575 | Lair:5   | Found the +7 captain's cutlass {speed, disarm}
 15577 | Lair:5   | 15577 ||| STAIRDANCE
 15581 | Lair:5   | 15581 ||| STAIRDANCE
 15585 | Lair:5   | 15585 ||| STAIRDANCE
 15632 | Lair:5   | 15632 ||| SWAPPING to +1 hand axe of flaming.
 15649 | Lair:5   | 15649 ||| SWAPPING to +3 war axe of electrocution.
 15671 | Lair:5   | HP: 15/86 [cane toad (15)]
 15672 | Lair:5   | 15672 ||| DRINKING potion of heal wounds.
 15676 | Lair:5   | Reached skill level 12 in Shields
 15678 | Lair:5   | 15678 ||| Stepping ~*~*~tactically~*~*~ (stealth).
 15682 | Lair:5   | 15682 ||| Stepping ~*~*~tactically~*~*~ (stealth).
 15786 | Lair:5   | Gained mutation: Your large and strong wings let you fly.
                  | [Gargoyle growth]
 15786 | Lair:5   | Reached XP level 14. HP: 75/90 MP: 15/15
 15786 | Lair:5   | 15786 ||| PLANNING OKAWARU WORSHIP
 16137 | D:4      | Fell from the grace of Ignis
 16137 | D:4      | Became a worshipper of Warmaster Okawaru
 16137 | D:4      | 16137 ||| PLANNING LAIR
 16516 | Lair:5   | 16516 ||| SWAPPING to +1 hand axe of flaming.
 16524 | Lair:5   | 16524 ||| SWAPPING to +3 war axe of electrocution.
 16525 | Lair:5   | 16525 ||| SWAPPING to +1 hand axe of flaming.
 16532 | Lair:5   | 16532 ||| SWAPPING to +3 war axe of electrocution.
 16696 | Lair:5   | Reached * piety under Okawaru
 16765 | Lair:5   | 16765 ||| Stepping ~*~*~tactically~*~*~ (stealth).
 16767 | Lair:5   | 16767 ||| INVOKING Heroism.
 16774 | Lair:5   | 16774 ||| SWAPPING to +1 hand axe of flaming.
 16778 | Lair:5   | 16778 ||| SWAPPING to +3 war axe of electrocution.
 16813 | Lair:5   | Reached skill level 1 in Invocations
 16813 | Lair:5   | 16813 ||| INVOKING Heroism.
 16820 | Lair:5   | 16820 ||| SWAPPING to +1 hand axe of flaming.
 16823 | Lair:5   | 16823 ||| SWAPPING to +3 war axe of electrocution.
 16831 | Lair:5   | 16831 ||| Stepping ~*~*~tactically~*~*~ (stealth).
 16846 | Lair:5   | 16846 ||| INVOKING Heroism.
 16855 | Lair:5   | 16855 ||| SWAPPING to +1 hand axe of flaming.
 16860 | Lair:5   | 16860 ||| SWAPPING to +3 war axe of electrocution.
 16939 | Lair:5   | 16939 ||| INVOKING Heroism.
 16944 | Lair:5   | 16944 ||| SWAPPING to +1 hand axe of flaming.
 16953 | Lair:5   | Reached skill level 3 in Invocations
 16953 | Lair:5   | 16953 ||| SWAPPING to +3 war axe of electrocution.
 16992 | Lair:5   | Reached ** piety under Okawaru
 17071 | Lair:5   | Reached skill level 15 in Axes
 17111 | Lair:5   | 17111 ||| Stepping ~*~*~tactically~*~*~ (stealth).
 17123 | Lair:5   | 17123 ||| Stepping ~*~*~tactically~*~*~ (stealth).
 17196 | Lair:5   | 17196 ||| Stepping ~*~*~tactically~*~*~ (stealth).
 17197 | Lair:5   | 17197 ||| Stepping ~*~*~tactically~*~*~ (stealth).
 17198 | Lair:5   | 17198 ||| INVOKING Heroism.
 17208 | Lair:5   | Reached skill level 12 in Fighting
 17217 | Lair:5   | Identified the +6 rapier of Paseivim {freeze, rPois Str+5
                  | Int-3 Stlth+}
 17261 | Lair:5   | 17261 ||| READING scroll of enchant armour.
 17261 | Lair:5   | 17261 ||| ENCHANTING +0 cloak.
 17495 | Lair:5   | Found a snail-covered altar of Cheibriados.
 17497 | Lair:5   | 17497 ||| INVOKING Heroism.
 17685 | Lair:5   | 17685 ||| PLANNING D
 17685 | Lair:5   | 17685 ||| UPGRADING to +1 storm dragon scales.
 17695 | Lair:5   | 17695 ||| DROPPING +0 plate armour.
 17696 | Lair:5   | 17696 ||| DROPPING ring of willpower.
 17697 | Lair:5   | 17697 ||| DROPPING +6 ring of intelligence.
 17698 | Lair:5   | 17698 ||| READING scroll labelled LANYSE MIFEOMEAQO.
 17868 | D:12     | 17868 ||| Stepping ~*~*~tactically~*~*~ (hiding).
 18234 | D:12     | Found a shimmering altar of Xom.
 18294 | D:12     | You are sucked into a shaft and drop 2 floors!
 18307 | D:14     | 18307 ||| Stepping ~*~*~tactically~*~*~ (hiding).
 18315 | D:14     | 18315 ||| INVOKING Heroism.
 18331 | D:14     | Reached *** piety under Okawaru
 18338 | D:14     | 18338 ||| INVOKING Heroism.
 18354 | D:14     | 18354 ||| INVOKING Heroism.
 18560 | D:14     | Noticed a purple very ugly thing
 18573 | D:14     | Killed a purple very ugly thing
 18592 | D:14     | Reached **** piety under Okawaru
 18598 | D:14     | Noticed Urug
 18599 | D:14     | 18599 ||| INVOKING Heroism.
 18603 | D:14     | Reached skill level 16 in Axes
 18610 | D:14     | Killed Urug
 18611 | D:14     | Reached XP level 15. HP: 89/96 MP: 16/18
 18638 | D:14     | Found a gate to the Vaults.
 18654 | D:13     | Noticed Rupert
 18655 | D:13     | 18655 ||| INVOKING Heroism.
 18659 | D:13     | 18659 ||| DRINKING 4 potions of curing.
 18659 | D:13     | 18659 ||| (to cure confusion)
 18659 | D:13     | Paralysed by Rupert for 5 turns
 18669 | D:13     | HP: 16/98 [Rupert/+1 great mace of protection (36)]
 18670 | D:13     | Killed from afar by an efreet

Levels and vault maps discovered:
D:1:      minmay_arrival_diagonal_passages, layout_basic
D:2:      layout_loops_ring, shapermc_ecumenical_altar_petra
D:3:      layout_loops_ring, mainiacjoe_overflow_concentric_impassable,
          minmay_misc_feat_rows, minmay_stone_trees_small
D:4:      layout_basic, lemuel_mausoleum_altar_kikubaaqudgha,
          general_overflow_altar, nicolae_ossuary_entry_plus,
          uniq_crazy_yiuf_cottage
D:5:      layout_rooms, serial_demonic, serial_demonic_f, serial_demonic_d,
          serial_demonic_d, serial_demonic_g, serial_demonic_g, serial_demonic_e
D:6:      layout_rooms, minmay_temple_entry_arrows, serial_shops, shop,
          uniq_menkaure
D:7:      layout_gridville, serial_glass, glass_columns_a, glass_columns_b,
          item_on_display_a, kb_lookout_dungeons_type, minmay_liquid_box
D:8:      layout_basic, grunt_gozag_statues, amcnicky_altar_gilded,
          mainiacjoe_overflow_24_doors, serial_shops, shop, minmay_starry_boxes,
          uniq_pikel
D:9:      layout_basic, uniq_joseph
D:10:     layout_loops_corners, uniq_maurice
D:11:     layout_loops_cross, david_lair_shrubbed, david_orc_3,
          hangedman_fish_farm, uniq_psyche, uniq_josephine
D:12:     layout_stronghold, led_xom_imps
D:13:     layout_stronghold, dk_noncrumbling_4, minmay_checkerbox, uniq_nessos,
          uniq_rupert
D:14:     layout_roguey, david_vaults_3, serial_shops, shop, kennysheep_nub,
          elves_outpost_lemuel
Temple:   kb_temple_of_zot
Lair:1:   layout_loops_ring, grunt_megastairs_1
Lair:2:   gammafunk_boulding_lane, layout_cave_pods, minmay_shoals_entry_hut,
          hellmonk_spider_entry_not_the_bees, chequers_serial_rivers_micro_a
Lair:3:   regret_index_bee_streams, layout_regular_city, uniq_amaemon
Lair:4:   layout_gridlike, nicolae_slime_entry_slimehenge
Lair:5:   minmay_lair_end_frog_pond, layout_hall_layers, kennysheep_snail_temple

Skill      XL: |  1  2  3  4  5  6  7  8  9 10 11 12 13 14 |
---------------+-------------------------------------------+-----
Axes           | 3 4 5 6 8 10 11 12 14 16 | 16.0
Armour         | 2 3 4 5 6 8 9 10 11 | 11.2
Throwing       | 1 2 3 4 5 |  5.1
Fighting       | 4 6 7 8 10 11 12 | 12.0
Shields        | 4 10 12 | 12.1
Dodging        | 1 |  1.0
Invocations    | 4 |  4.4
Spellcasting   | |  1.0
Fire Magic     | |  3.0

Action                     |  1- 3 |  4- 6 |  7- 9 | 10-12 | 13-15 || total
---------------------------+-------+-------+-------+-------+-------++-------
  Melee: Hand axe          |   139 |   194 |   480 |   589 |    53 ||  1455
         Punch             |     1 |     2 |     3 |     3 |       ||     9
         War axe           |       |       |       |   201 |   519 ||   720
  Throw: Boomerang         |     9 |     5 |    13 |    10 |    97 ||   134
         Javelin           |       |     9 |    41 |    88 |    52 ||   190
 Invoke: Fiery Armour      |       |     3 |     2 |     8 |       ||    13
         Heroism           |       |       |       |       |    11 ||    11
    Use: Scroll            |     6 |       |     9 |    20 |     5 ||    40
         Potion            |     2 |     1 |     3 |     5 |     4 ||    15
 Armour: Robe              |    11 |       |       |       |       ||    11
         Leather armour    |    32 |    18 |       |       |       ||    50
         Chain mail        |       |   104 |     2 |       |       ||   106
         Plate armour      |       |       |   872 |   466 |   289 ||  1627
         Storm dragon scal |       |       |       |       |    58 ||    58
  Dodge: Dodged            |    70 |    79 |   204 |   437 |   288 ||  1078
  Block: Kite shield       |       |       |       |   249 |   384 ||   633

Table legend:
 A = Non-vault XP
 B = Vault XP
 C = Vault XP percentage of total XP
 D = Non-vault monster count
 E = Vault monster count
 F = Vault count percentage of total count
                 A         B        C        D         E       F
            +---------+---------+-------+---------+---------+-------
      Total |   48859 |   37970 |  43.7 |     297 |     174 |  36.9
            +---------+---------+-------+---------+---------+-------
        D:1 |      39 |       0 |   0.0 |      25 |       0 |   0.0
        D:2 |      26 |       0 |   0.0 |      11 |       0 |   0.0
        D:3 |      37 |       0 |   0.0 |      17 |       0 |   0.0
        D:4 |     194 |     403 |  67.5 |      15 |      12 |  44.4
        D:5 |     591 |     236 |  28.5 |      18 |      10 |  35.7
        D:6 |    1162 |     172 |  12.9 |      18 |       1 |   5.3
        D:7 |     625 |     108 |  14.7 |      19 |       1 |   5.0
        D:8 |    1836 |    1040 |  36.2 |      15 |       5 |  25.0
        D:9 |    1164 |     423 |  26.7 |      29 |       1 |   3.3
       D:10 |    1389 |     449 |  24.4 |      11 |       1 |   8.3
       D:11 |    3301 |    3184 |  49.1 |      14 |      13 |  48.1
       D:12 |    1677 |       0 |   0.0 |       9 |       0 |   0.0
       D:14 |    1562 |   12073 |  88.5 |       2 |      29 |  93.5
     Lair:1 |    3024 |     846 |  21.9 |      14 |       2 |  12.5
     Lair:2 |    6864 |     850 |  11.0 |      14 |       7 |  33.3
     Lair:3 |    4119 |    7020 |  63.0 |      16 |      49 |  75.4
     Lair:4 |    6667 |     560 |   7.7 |      17 |       6 |  26.1
     Lair:5 |   14582 |   10606 |  42.1 |      33 |      37 |  52.9
            +---------+---------+-------+---------+---------+-------
